 Dungeon Crawl Stone Soup version 0.30-a0-847-g17996783a1 (webtiles) character file.

Game seed: 2713035430011434707

1288 Newt the Skirmisher (level 8, 0/44 HPs)
             Began as a Kobold Hunter on Mar 3, 2023.
             Was a Follower of Hepliaklqana.
             Slain by an orc warrior
             ... wielding a +0 battleaxe
              (15 damage)
             ... on level 6 of the Dungeon.
             The game lasted 00:04:24 (5536 turns).

Newt the Skirmisher (Kobold Hunter)                 Turns: 5536, Time: 00:04:25

Health: 0/44       AC:  4    Str:  8    XL:     8   Next: 85%
Magic:  8/8        EV: 19    Int: 10    God:    Hepliaklqana [*.....]
Gold:   157        SH:  0    Dex: 21    Spells: 7/7 levels left

rFire   . . .      SeeInvis .    a - +0 shortbow
rCold   . . .      Faith    .    (shield currently unavailable)
rNeg    . . .      Spirit   .    c - +0 leather armour
rPois   .          Reflect  .    (no helmet)
rElec   .          Rampage  .    (no cloak)
rCorr   .                        m - +0 pair of gloves
Will    .....                    (no boots)
Stlth   +++                      (no amulet)
HPRegen 0.27/turn                w - ring of wizardry
MPRegen 0.11/turn                (no ring)

@: no status effects
A: reduced essence, small, no large weapons, nightstalker 3
a: Renounce Religion, Recall Ancestor, Ancestor Identity


You were on level 6 of the Dungeon.
You worshipped Hepliaklqana.
Hepliaklqana was aware of your devotion.
You visited 2 branches of the dungeon, and saw 7 of its levels.

You collected 157 gold pieces.

Inventory:

Hand Weapons
 a - a +0 shortbow (weapon)
 v - the +7 hand axe of Division {drain, rC- rN+ Dex+5}
   (You found it on level 4 of the Dungeon)

   Dex:       It affects your dexterity (+5).
   rC:        It makes you vulnerable to cold.
   rN:        It protects you from negative energy.
Armour
 c - a +0 leather armour (worn)
 m - a +0 pair of gloves (worn)
Jewellery
 w - a ring of wizardry (left hand)
Wands
 n - a wand of iceblast (11)
Scrolls
 b - 2 scrolls of immolation
 g - a scroll of fear
 j - a scroll of noise
 k - 2 scrolls of magic mapping
 p - 2 scrolls of blinking
 u - a scroll of identify
 x - a scroll of enchant armour {unknown}
Potions
 d - a potion of resistance
 e - a potion of flight
 h - a potion of lignification
 i - a potion of degeneration
 l - a potion of attraction
 o - 2 potions of heal wounds
 q - 2 potions of mutation {unknown}
 r - a potion of cancellation {unknown}
 s - a potion of might {unknown}
 t - a potion of brilliance {unknown}


   Skills:
 - Level 5.0 Fighting
 + Level 10.2 Ranged Weapons
 - Level 8.0 Dodging
 - Level 1.3 Stealth


You had 7 spell levels left.
You didn't know any spells.
Your spell library contained the following spells:

 Spells                   Type           Power      Damage    Failure   Level
 Summon Small Mammal      Summ           0%         N/A       22%         1


Dungeon Overview and Level Annotations

Branches:
Dungeon (6/15)             Temple (1/1) D:4

Altars:
Ashenzari
Cheibriados
Dithmenos
Elyvilon
Fedhas
Hepliaklqana
Kikubaaqudgha
Makhleb
Sif Muna
Trog
Vehumet
Wu Jian
Xom
Yredelemnul
Zin
The Shining One

Shops:
D:4 [

Annotations:
D:3 2 runed translucent doors


Innate Abilities, Weirdness & Mutations

Your life essence is reduced to manifest your ancestor. (-10% HP)
You are small and have problems with some larger weapons.
You are completely attuned to the shadows.


Message History

The orc warrior hits you with a +0 battleaxe!
* * * LOW HITPOINT WARNING * * *
You are confused.
You feel invigorated. The orc warrior closely misses you.
You see here 4 stones.
You bump into the rock wall.
The orc warrior hits you with a +0 battleaxe!
* * * LOW HITPOINT WARNING * * *
The orc warrior attacks as you move away!
The orc warrior barely misses you.
The orc warrior attacks as you move away!
The orc warrior closely misses you. The orc warrior completely misses you.
The orc warrior barely misses you.
You bump into the rock wall.
The orc warrior closely misses you.
You miss the orc warrior.
The orc warrior is moderately wounded.
You feel less invigorated.
You feel less confused. The orc warrior misses you. x2
You shoot an arrow.
The arrow barely misses the orc warrior.
The orc warrior misses you.
You shoot an arrow.
The arrow closely misses the orc warrior.
The orc warrior hits you with a +0 battleaxe!
You shoot an arrow. The arrow hits the orc warrior.
The orc warrior is heavily wounded.
The orc warrior completely misses you.
You shoot an arrow.
The arrow barely misses the orc warrior.
The orc warrior misses you.
You shoot an arrow.
The arrow barely misses the orc warrior.
The orc warrior hits you with a +0 battleaxe!
You shoot an arrow.
The arrow hits the orc warrior but does no damage.
The orc warrior is heavily wounded.
The orc warrior hits you with a +0 battleaxe!
You die...

##### #.#
#...###.#
####
#.......#
..#
#.(.#####
#.# ##.##
##.####.#
#.......#
#o.######
#####@.....
....(.###..
#####.# #
#)# #.).oo
...#..
..... $
##...#.


You could see an orc warrior.

Vanquished Creatures
  2 water moccasins (D:5)
  An ice beast (D:6)
  An ogre (D:5)
  A centaur (D:6)
  A phantom (D:5)
  3 scorpions
  2 howler monkeys
  3 hounds (D:5)
  An orc priest (D:5)
  2 orc wizards (D:5)
  A gnoll (D:3)
  8 adders
  A shadow imp (D:5)
  A white imp (D:3)
  3 worms
  2 dart slugs
  15 orcs
  4 ball pythons
  11 endoplasms
  4 giant cockroaches
  9 goblins
  8 hobgoblins
  10 quokkas
  11 bats
  3 frilled lizards
  6 kobolds
  3 rats
117 creatures vanquished.

Vanquished Creatures (collateral kills)
  An ice beast (D:6)
  An orc wizard (D:5)
  An orc (D:5)
3 creatures vanquished.

Vanquished Creatures (others)
  2 ancestors (D:6)
2 creatures vanquished.

Grand Total: 122 creatures vanquished

Notes
Turn   | Place    | Note
-------+----------+-------------------------------------------
     0 | D:1      | Newt the Kobold Hunter began the quest for the Orb.
     0 | D:1      | Reached XP level 1. HP: 12/12 MP: 1/1
   114 | D:1      | Reached XP level 2. HP: 18/18 MP: 2/2
   507 | D:1      | Reached XP level 3. HP: 23/23 MP: 3/3
  1092 | D:2      | Reached XP level 4. HP: 30/30 MP: 4/4
  1700 | D:3      | Reached skill level 5 in Fighting
  1764 | D:3      | Found a runed translucent door.
  1961 | D:3      | Found a shadowy altar of Dithmenos.
  1976 | D:3      | Reached XP level 5. HP: 28/35 MP: 5/5
  2112 | D:3      | Found a runed translucent door.
  2233 | D:3      | Reached skill level 6 in Ranged Weapons
  2333 | D:3      | Found a bloodstained altar of Trog.
  2334 | D:3      | You fall into a shaft and drop 2 floors!
  2334 | D:5      | Entered Level 5 of the Dungeon
  2590 | D:5      | Noticed a phantom
  2602 | D:5      | Killed a phantom
  2603 | D:5      | Reached skill level 7 in Ranged Weapons
  2603 | D:5      | Reached XP level 6. HP: 29/40 MP: 6/6
  2712 | D:5      | Noticed a water moccasin
  2720 | D:5      | Killed a water moccasin
  2721 | D:5      | Reached skill level 8 in Ranged Weapons
  2849 | D:5      | Reached XP level 7. HP: 44/44 MP: 7/7
  2884 | D:4      | Identified the +7 hand axe of Division {drain, rC- rN+
                  | Dex+5}
  3202 | D:3      | Found a shimmering blue altar of Sif Muna.
  3206 | D:3      | Got Sif Muna's Meditations on Accomplices
  3335 | D:4      | Found a staircase to the Ecumenical Temple.
  3339 | D:4      | Identified the +6 mace "Nuefepse" {heavy, rF++}
  3346 | Temple   | Entered the Ecumenical Temple
  3384 | Temple   | Became a worshipper of Hepliaklqana the Forgotten
  3399 | D:4      | Reached skill level 9 in Ranged Weapons
  3732 | D:4      | Found a glowing silver altar of Zin.
  4003 | D:4      | Found Qoidiyth's Armour Shop.
  4532 | D:5      | Reached skill level 10 in Ranged Weapons
  4938 | D:5      | Noticed a water moccasin
  4949 | D:5      | Killed a water moccasin
  4950 | D:5      | Reached XP level 8. HP: 32/49 MP: 8/8
  5012 | D:5      | Reached * piety under Hepliaklqana
  5071 | D:5      | Reached skill level 5 in Dodging
  5536 | D:6      | Slain by an orc warrior

Illustrated notes

Levels and vault maps discovered:
D:1:      dpeg_arrival_water_temple_mockup, layout_basic
D:2:      layout_loops_ring, minmay_fountain_box
D:3:      layout_basic, nzn_overflow_gifts_of_might_and_magic,
          grunt_dithmenos_smoke_and_mirrors, ebering_ghost_sewer_f,
          dk_vineyard_2, st_stairs_6, dreamdust_princess_bridge
D:4:      layout_basic, lemuel_coloured_pillars_altar,
          minmay_temple_entry_sparse_star, serial_shops, shop
D:5:      layout_loops_corners, minmay_misc_feat_rugged
D:6:      layout_loops_ring, grunt_decor_junction, kennysheep_generic_room_16,
          uniq_crazy_yiuf_cottage, uniq_duvessa, uniq_edmund
Temple:   nicolae_temple_no_exploring_needed

Skill      XL: |  1  2  3  4  5  6  7  8 |
---------------+-------------------------+-----
Fighting       | 3 4 5 |  5.0
Ranged Weapons | 7 8 10 | 10.2
Dodging        | 4 8 |  8.0
Stealth        | |  1.3

Action                     |  1- 3 |  4- 6 |  7- 9 || total
---------------------------+-------+-------+-------++-------
  Melee: Hand axe          |       |       |    29 ||    29
         Shortbow          |       |       |     1 ||     1
   Fire: Shortbow          |    68 |   121 |   129 ||   318
    Use: Scroll            |     4 |     9 |       ||    13
         Potion            |       |     2 |     2 ||     4
   Stab: Sleeping          |       |       |     4 ||     4
 Armour: Leather armour    |     2 |     9 |     5 ||    16
  Dodge: Dodged            |    11 |    42 |    59 ||   112

Table legend: (Time is in decaauts)
 A = Elapsed time spent in this place.
 B = Non-inter-level travel time spent in this place.
 C = Inter-level travel time spent in this place.
 D = Time resting spent in this place.
 E = Time spent auto-exploring this place.
 F = Levels seen in this place.
 G = Mean time per level.
                   A        B        C        D        E       F      G
               +--------+--------+--------+--------+--------+-----+--------+
         Total |   5602 |   5381 |    221 |    358 |   4349 |   7 |  800.3 |
       Dungeon |   5557 |   5351 |    206 |    358 |   4331 |   6 |  926.2 |
        Temple |     44 |     29 |     15 |      0 |     18 |   1 |   44.0 |
               +--------+--------+--------+--------+--------+-----+--------+

Top non-repeatable levels by time:
     D:5: 1548 daAuts
     D:4: 1173 daAuts
     D:2: 949 daAuts
     D:3: 942 daAuts
     D:1: 703 daAuts
     D:6: 241 daAuts
  Temple: 44 daAuts
